 Dungeon Crawl Stone Soup version 0.28.0-53-g5a82cb258f (webtiles) character file.

Game seed: 17386446355687982323

1571 sking99 the Ducker (level 9, -24/55 HPs)
             Began as a Kobold Ice Elementalist on June 1, 2022.
             Was an Initiate of Gozag.
             Killed by an exploding white imp (30 damage)
             ... ignited by their inner flame
             ... on level 6 of the Dungeon on June 2, 2022.
             The game lasted 00:16:02 (7888 turns).

sking99 the Ducker (Kobold Ice Elementalist)        Turns: 7888, Time: 00:16:03

Health: -24/55     AC: 10    Str:  9    XL:     9   Next: 13%
Magic:  16/16      EV: 17    Int: 16    God:    Gozag
Gold:   318        SH:  0    Dex: 16    Spells: 7/18 levels left

rFire   x . .      SeeInvis +   x - +7 whip of Distraction {vorpal, rElec SInv}
rCold   + . .      Faith    .   (no shield)
rNeg    . . .      Spirit   .   h - +2 leather armour {Will+}
rPois   .          Reflect  .   e - +2 helmet
rElec   +          Harm     .   d - +0 cloak
rCorr   .          Rampage  .   (no gloves)
Will    +....                   m - +0 pair of boots
Stlth   +++.......              (no amulet)
HPRegen 0.18/turn               l - ring of ice
MPRegen 0.15/turn               (no ring)

@: no status effects
A: small, no large weapons, nightstalker 3
a: Renounce Religion, Potion Petition, Call Merchant, Bribe Branch


You were on level 6 of the Dungeon.
You worshipped Gozag.
Gozag was aware of your devotion.
You visited 1 branch of the dungeon, and saw 6 of its levels.
You also visited: Sewer.

You collected 377 gold pieces.
You paid 59 gold pieces to Gozag.

Inventory:

Hand Weapons
 x - the +7 whip of Distraction (weapon) {vorpal, rElec SInv}
   (You found it on level 5 of the Dungeon)

   It inflicts extra damage upon your enemies.
   rElec:     It insulates you from electricity.
   SInv:      It lets you see invisible.
Armour
 d - a +0 cloak (worn)
 e - a +2 helmet (worn)
 h - a +2 leather armour of willpower (worn)
 m - a +0 pair of boots (worn)
 u - a +0 buckler
Jewellery
 l - a ring of ice (left hand)
 t - a ring of see invisible
Wands
 w - a wand of mindburst (5)
 y - a wand of iceblast (10)
 z - a wand of charming (9)
 A - a wand of paralysis (11)
Scrolls
 n - 2 scrolls of teleportation
 q - a scroll of fog
Potions
 a - a potion of flight {unknown}
 b - 2 potions of invisibility
 c - a potion of degeneration {unknown}
 f - 2 potions of magic
 g - a potion of attraction
 j - a potion of haste {unknown}
 k - 3 potions of curing
 o - 3 potions of brilliance
 p - a potion of might {unknown}
 B - a potion of cancellation {unknown}


   Skills:
 + Level 5.7 Fighting
 + Level 6.8 Dodging
 - Level 2.6 Stealth
 - Level 5.0 Spellcasting
 + Level 2.6 Conjurations
 + Level 6.8 Ice Magic


You had 7 spell levels left.
You knew the following spells:

 Your Spells              Type           Power      Damage    Failure   Level
a - Freeze                Ice            100%       1d11      1%          1
b - Frozen Ramparts       Ice            76%        1d9       4%          3
c - Ozocubu's Armour      Ice            38%        N/A       4%          3
d - Hailstorm             Conj/Ice       28%        3d8       30%         4

Your spell library contained the following spells:

 Spells                   Type           Power      Damage    Failure   Level
 Animate Skeleton         Necr           8%         N/A       22%         1
 Pain                     Necr           16%        1d4       22%         1
 Summon Small Mammal      Summ           16%        N/A       22%         1
 Call Canine Familiar     Summ           4%         N/A       54%         3
 Inner Flame              Hex/Fire       4%         N/A       54%         3
 Summon Guardian Golem    Hex/Summ       4%         N/A       54%         3
 Swiftness                Air            4%         N/A       54%         3
 Vampiric Draining        Necr           4%         2d6       54%         3
 Metabolic Englaciation   Hex/Ice        11%        N/A       83%         5
 Anguish                  Hex/Necr       2%         N/A       91%         4
 Cause Fear               Hex            2%         N/A       91%         4
 Silence                  Hex/Air        2%         N/A       99%         5
 Haunt                    Necr/Summ      2%         N/A       100%        7
 Discord                  Hex            2%         N/A       100%        8
 Infestation              Necr           2%         N/A       100%        8


Dungeon Overview and Level Annotations

Branches:
Dungeon (6/15)              Sewer (visited)
 Temple: D:4-7

Altars:
Dithmenos
Gozag
Ru
Uskayaw


Innate Abilities, Weirdness & Mutations

You are small and have problems with some larger weapons.
You are completely attuned to the shadows.


Message History

You kill the hound!
You start resting.
The frozen ramparts melt away.
Magic restored.
You now have 306 gold pieces (gained 4).
Found a transparent hand axe.
You now have 311 gold pieces (gained 5).
Found an escape hatch in the floor.
You now have 318 gold pieces (gained 7).
You see here the +0 hand axe "Arcanum" {vorpal, Contam Int+6}.
B - a dark potion You see here the +0 hand axe "Arcanum" {vorpal, Contam Int+6}.
Found a stone staircase leading up.
Found a club.
i - 2 scrolls of identify (gained 1)
As you read the scroll of identify, it crumbles to dust.
f - 2 potions of magic
As you read the scroll of identify, it crumbles to dust.
g - a potion of attraction
As you read the scroll labelled LOTSAFF OSELIXA, it crumbles to dust.
Wisps of shadow whirl around you...
It was a scroll of summoning.
You swap places.
As you read the scroll labelled FUTTUITH OSATS, it crumbles to dust.
The creatures around you are filled with an inner flame!
It was a scroll of immolation.
As you read the scroll labelled XEUCYNLU KAGUDEB, it crumbles to dust.
You speak a Word of immense power!
Your white imp convulses!
Your white imp dissolves into shadows!
Your centaur skeleton convulses!
Your centaur skeleton dissolves into shadows!
It was a scroll of holy word.
Your centaur skeleton explodes!
The fiery explosion engulfs you!!! The fire burns you terribly!
Ouch! That really hurt!
* * * LOW HITPOINT WARNING * * *
Your white imp explodes!
The fiery explosion engulfs you!! The fire burns you terribly!
Ouch! That really hurt!
You die...
Your body crumbles into a pile of gold.

#####################
.....................
################.#..#
#.§§# .# ##§#§# .
#.§.@# #.§§§# #.##.)
#. #... ..... $


There were no monsters in sight!

Vanquished Creatures
  A wyvern (D:5)
  2 black bears
  2 ogres
  A phantom (D:4)
  2 kobold brigands (Sewer)
  5 scorpions
  A bullfrog (D:6)
  A hound (D:6)
  An orc priest (D:4)
  A jelly (D:4)
  A centaur skeleton (D:5)
  2 iguanas
  A scorpion zombie (D:5)
  3 orc wizards
  A howler monkey zombie (D:5)
  8 adders
  6 river rats (Sewer)
  A worm (D:2)
  A dart slug (D:2)
  2 orcs (D:4)
  3 endoplasms
  A giant cockroach (D:3)
  5 goblins
  4 hobgoblins
  24 kobolds
  4 quokkas
  6 ball pythons
  5 bats
  2 frilled lizards
  24 rats
  A spectral goblin (D:2)
122 creatures vanquished.

Vanquished Creatures (others)
  8 plants (D:2)
8 creatures vanquished.

Grand Total: 130 creatures vanquished

Notes
Turn   | Place    | Note
-------+----------+-------------------------------------------
     0 | D:1      | sking99 the Kobold Ice Elementalist began the quest for the
                  | Orb.
     0 | D:1      | Reached XP level 1. HP: 10/10 MP: 3/3
   519 | D:1      | Reached XP level 2. HP: 16/16 MP: 1/5
  1075 | D:2      | Reached skill level 1 in Fighting
  1137 | D:2      | Reached XP level 3. HP: 20/20 MP: 0/6
  1516 | D:2      | Learned a level 3 spell: Frozen Ramparts
  1520 | D:2      | Learned a level 3 spell: Ozocubu's Armour
  1522 | D:2      | Got Jucsaiq's Papyrus of Stolen Souls and Lightness
  1593 | D:2      | Reached XP level 4. HP: 24/25 MP: 4/8
  2075 | D:2      | Found a faded altar of an unknown god.
  2206 | D:3      | Found a sacrificial altar of Ru.
  2393 | D:3      | Reached XP level 5. HP: 24/30 MP: 4/9
  2751 | D:3      | Noticed a black bear
  2863 | D:3      | Found a shadowy altar of Dithmenos.
  2905 | D:3      | Got the Catalogue of Fetching Air
  3079 | D:3      | Killed a black bear
  3080 | D:3      | Reached XP level 6. HP: 31/36 MP: 2/11
  3668 | D:4      | Reached skill level 5 in Ice Magic
  3793 | D:4      | Found a glowing drain.
  3797 | D:4      | Reached XP level 7. HP: 36/41 MP: 9/12
  3801 | Sewer    | Entered a sewer
  4397 | Sewer    | Reached skill level 5 in Dodging
  5210 | D:4      | Reached XP level 8. HP: 37/48 MP: 8/14
  5312 | D:4      | Found an opulent altar of Gozag.
  5340 | D:4      | Became a worshipper of Gozag Ym Sagoz the Greedy
  6480 | D:5      | Entered Level 5 of the Dungeon
  6576 | D:5      | Learned a level 4 spell: Hailstorm
  6914 | D:5      | Reached skill level 5 in Spellcasting
  6955 | D:5      | Identified the +7 whip of Distraction {vorpal, rElec SInv}
  7025 | D:5      | Reached skill level 5 in Fighting
  7025 | D:5      | Reached skill level 1 in Conjurations
  7302 | D:5      | Noticed a wyvern
  7306 | D:5      | Killed a wyvern
  7346 | D:5      | Found a hide-covered altar of Uskayaw.
  7423 | D:5      | Reached XP level 9. HP: 54/54 MP: 16/16
  7856 | D:6      | Identified the +0 hand axe "Arcanum" {vorpal, Contam Int+6}
  7888 | D:6      | Killed by an exploding white imp... ignited by their inner
                  | flame

Illustrated notes

Levels and vault maps discovered:
D:1:      dpeg_arrival_pits, layout_basic, hex_medium
D:2:      layout_loops_ring, serial_forest, infiniplex_forest_clump_cross,
          infiniplex_forest_clump_curved, infiniplex_forest_lined_room_,
          infiniplex_forest_lined_ring, infiniplex_forest_clump_small,
          infiniplex_forest_lined_3, infiniplex_forest_straight_2,
          dreamdust_ecumenical_altar_drowned_temple
D:3:      layout_basic, nicolae_ru_great_annihilating_truth,
          nicolae_dithmenos_shadow_blocks
D:4:      layout_basic, grunt_gozag_breadcrumbs, portal_sewer_entry_d
D:5:      layout_basic, eat_drink_and_be_merry_uskayaw, item_on_display_a
D:6:      layout_basic, old_standard_altar, serial_corexii_hall,
          corexii_hall_statues_deadend, corexii_hall_statues_u,
          uniq_blork_the_orc

Skill      XL: |  1  2  3  4  5  6  7  8 |
---------------+-------------------------+-----
Fighting       | 1 2 3 4 5 |  5.7
Dodging        | 3 4 5 6 |  6.8
Spellcasting   | 3 4 5 |  5.0
Ice Magic      | 5 6 |  6.8
Conjurations   | 2 |  2.6
Stealth        | |  2.6

Action                   |  1- 3 |  4- 6 |  7- 9 || total
-------------------------+-------+-------+-------++-------
Melee: Unarmed           |     3 |     1 |     6 ||    10
       Short sword       |       |       |    57 ||    57
       Whip              |       |       |     7 ||     7
 Cast: Freeze            |    39 |    63 |    95 ||   197
       Frozen Ramparts   |       |     2 |    17 ||    19
  Use: Scroll            |       |     5 |     9 ||    14
       Potion            |       |     1 |       ||     1
 Stab: Sleeping          |       |       |     2 ||     2
Armor: Robe              |     7 |       |       ||     7
       Leather armour    |       |    10 |    54 ||    64
Dodge: Dodged            |    23 |    42 |   110 ||   175
